 Dungeon Crawl Stone Soup version 0.28.0 (webtiles) character file.

Game seed: 15837963088152497399

24 chmiii the Chucker (level 2, 28/28 HPs)
             Began as a Troll Hunter on Feb 9, 2022.
             Was a Follower of Vehumet.
             Quit the game on level 1 of the Dungeon.
             The game lasted 00:02:38 (368 turns).

chmiii the Chucker (Troll Hunter)                    Turns: 368, Time: 00:02:38

Health: 28/28      AC:  4    Str: 19    XL:     2   Next: 79%
Magic:  1/1        EV:  9    Int:  7    God:    Vehumet [*.....]
Gold:   57         SH:  0    Dex: 10    Spells: 1/1 levels left

rFire   . . .      SeeInvis .   (no weapon)
rCold   . . .      Faith    .   (no shield)
rNeg    . . .      Spirit   .   b - +0 robe
rPois   .          Reflect  .   (helmet restricted)
rElec   .          Harm     .   (no cloak)
rCorr   .          Rampage  .   (gloves unavailable)
Will    .....                   (boots unavailable)
Stlth   +.........              (no amulet)
HPRegen 0.89/turn               (no ring)
MPRegen 0.07/turn               (no ring)

@: no status effects
A: large, unfitting armour, claws 3, regeneration 1, shaggy fur 1, tough skin 1
a: Renounce Religion


You were on level 1 of the Dungeon.
You worshipped Vehumet.
Vehumet was aware of your devotion.
You visited 1 branch of the dungeon, and saw 1 of its levels.

You collected 57 gold pieces.

Inventory:

Missiles
 c - 5 large rocks (quivered)
 d - 2 throwing nets
Armour
 b - a +0 robe (worn)
Scrolls
 a - a scroll of fog {unknown}
Potions
 e - a potion of curing {unknown}


   Skills:
 * Level 2.1 Fighting
 + Level 0.7 Maces & Flails
 + Level 3.8 Throwing
 + Level 0.6 Armour
 - Level 1.5 Dodging
 - Level 0.3 Stealth


You had one spell level left.
You didn't know any spells.
Your spell library contained the following spells:

 Spells                   Type           Power      Damage    Failure   Level
 Sandblast                Erth           0%         2d4       43%         1
 Summon Small Mammal      Summ           0%         N/A       43%         1
 Call Canine Familiar     Summ           0%         N/A       80%         3
 Summon Guardian Golem    Hex/Summ       0%         N/A       80%         3


Dungeon Overview and Level Annotations

Branches:
Dungeon (1/15)

Altars:
Vehumet


Innate Abilities, Weirdness & Mutations

You are too large for most types of armour.
You have claws for hands.
Your natural rate of healing is unusually fast.
You are covered in fur. (AC +1)
You have tough skin. (AC +1)


Message History

No target in view!
No target in view!
Things that are here:
a +0 whip; 5 stones You pick up a book of Callings and begin reading...
You add the spells Summon Small Mammal, Call Canine Familiar and Summon Guardian Golem to your library.
No target in view!
You now have 50 gold pieces (gained 10).
A rat comes into view.
A giant cockroach comes into view.
The rat barely misses you.
You barely miss the rat. The rat bites you but does no damage.
You barely miss the rat. The rat bites you.
You claw the rat!
You kill the rat!
The giant cockroach closely misses you.
You scratch the giant cockroach.
You kill the giant cockroach!
No target in view!
No target in view!
No target in view!
No target in view!
No target in view!
No target in view!
You now have 57 gold pieces (gained 7).
Found a faded altar of an unknown god.
Found 18 gold pieces.
Found 10 gold pieces and 25 stones.
A bat comes into view.
The bat hits you but does no damage.
There is a faded altar of an unknown god here.
You cannot tell which god this altar belongs to.
Convert to them anyway?
Okay, then.
You cannot tell which god this altar belongs to.
Convert to them anyway?
Vehumet accepts your prayer! Vehumet welcomes you!
You can now gain magical power from killing.
Vehumet offers you knowledge of Sandblast.
The bat barely misses you. The bat misses you.
Are you sure you want to abandon this character and quit the game? (Confirm with "yes".)

#.# ### #.# #.. #.#
#.### ## # ## #.# #.#.#
.^8# .######.###.#.#
.#^# .##.........#.#
...## .##.........#.#
.$..#(#
.##.........#$###.......
................@....#
..#...........###b.....#
..#.........#.# ......#
..#.........#.# ...##.#
..#####+#.#...# .#^# #
..# #.###.# .^8# ### #.#
..# ## # #..


You could see a bat.

Vanquished Creatures
  2 dart slugs (D:1)
  2 bats (D:1)
  2 endoplasms (D:1)
  A giant cockroach (D:1)
  A hobgoblin (D:1)
  2 jackals (D:1)
  2 ball pythons (D:1)
  A frilled lizard (D:1)
  3 goblins (D:1)
  2 kobolds (D:1)
  A rat (D:1)
19 creatures vanquished.

Notes
Turn   | Place    | Note
-------+----------+-------------------------------------------
     0 | D:1      | chmiii the Troll Hunter began the quest for the Orb.
     0 | D:1      | Reached XP level 1. HP: 19/19 MP: 0/0
   148 | D:1      | Reached XP level 2. HP: 27/28 MP: 1/1
   361 | D:1      | Found a faded altar of an unknown god.
   367 | D:1      | Prayed at the altar of an unknown god.
   367 | D:1      | Became a worshipper of Vehumet
   367 | D:1      | Reached * piety under Vehumet
   367 | D:1      | Offered knowledge of Sandblast by Vehumet.
   368 | D:1      | Quit the game

Illustrated notes

Levels and vault maps discovered:
D:1:      sevenhm_arrival_forest_fort_large_2, layout_basic,
          shapermc_ecumenical_altar_mp_highgroup

Skill      XL: |  1  2 |
---------------+-------+-----
Fighting       | 2 |  2.1
Maces & Flails | |  0.7
Throwing       | |  3.8
Armour         | |  0.6
Dodging        | |  1.5
Stealth        | |  0.3

Action                   || total
-------------------------++-------
Melee: Unarmed           ||    58
Armor: Robe              ||    22
Dodge: Dodged            ||    32
